 Dungeon Crawl Stone Soup version 0.30.0-29-ga12c61a403 (webtiles) character file.

Game seed: 9003489209740076751

81 Descartes the Grasshopper (level 4, -5/34 HPs)
             Began as a Barachi Warper on June 7, 2023.
             Killed from afar by Ijyb (9 damage)
             ... with a bolt of acid
             ... on level 2 of the Dungeon.
             The game lasted 00:03:16 (2149 turns).

Descartes the Grasshopper (Barachi Warper)          Turns: 2149, Time: 00:03:17

Health: -5/34      AC:  9    Str: 14    XL:     4   Next: 40%
Magic:  8/8        EV:  4    Int: 14    God:
Gold:   110        SH:  0    Dex: 11    Spells: 8/8 levels left

rFire   . . .        l - +0 great sword
rCold   . . .        (shield currently unavailable)
rNeg    . . .        m - +0 plate armour
rPois   .            p - +0 helmet
rElec   .            (no cloak)
rCorr   +            g - +0 pair of gloves
SInv    .            (no boots)
Will    .....        (no amulet) Stlth
                     e - ring of resist corrosion
HPRegen 0.25/turn    u - +4 ring of slaying
MPRegen 0.11/turn

%: no passive effects
@: corroded, slow
A: amphibious, slowness 1, strong legs 1, +LOS
a: Hop


You were on level 2 of the Dungeon.
You visited 1 branch of the dungeon, and saw 3 of its levels.

You collected 110 gold pieces.

Inventory:

Hand Weapons
 a - a +0 falchion
 l - a +0 great sword (weapon)
Missiles
 d - 7 boomerangs of dispersal (quivered)
 q - 7 poisoned darts
 r - 5 javelins
Armour
 b - a +0 leather armour
 g - a +0 pair of gloves (worn)
 m - a +0 plate armour (worn)
 p - a +0 helmet (worn)
Jewellery
 e - a ring of resist corrosion (left hand)
 u - a +4 ring of slaying (right hand)
Scrolls
 c - a scroll of blinking
 f - 3 scrolls of poison {unknown}
 h - 3 scrolls of vulnerability {unknown}
 i - 2 scrolls of fear {unknown}
 j - 2 scrolls of fog {unknown}
 k - 3 scrolls of identify {unknown}
 t - a scroll of magic mapping {unknown}
Potions
 n - a potion of flight {unknown}
 o - 2 potions of curing {unknown}
 s - a potion of degeneration {unknown}


   Skills:
 - Level 2.4 Fighting
 + Level 3.3 Long Blades
 - Level 1.0 Throwing
 + Level 2.6 Armour
 - Level 2.1 Dodging
 + Level 2.9 Spellcasting
 + Level 4.0 Translocations


You had 8 spell levels left.
You didn't know any spells.
Your spell library contained the following spells:

 Spells                   Type           Power      Damage    Failure   Level
 Blink                    Tloc           26%        N/A       100%        2
 Lesser Beckoning         Tloc           26%        N/A       100%        2
 Inner Flame              Hex/Fire       2%         N/A       100%        3
 Teleport Other           Tloc           13%        N/A       100%        3
 Vhi's Electric Charge    Tloc/Air       14%        N/A       100%        3
 Manifold Assault         Tloc           13%        N/A       100%        4
 Yara's Violent Unravell  Hex/Tmut       1%         3d3       100%        5
 Enfeeble                 Hex            1%         N/A       100%        7


Dungeon Overview and Level Annotations

Branches:
Dungeon (3/15)

Altars:

Annotations:
D:2 Ijyb


Innate Abilities, Weirdness & Mutations

You are amphibious.
You cover ground slowly.
You can hop short distances.
You have an extended range of vision and can be seen from far away.


Message History

You barely miss the orc wizard.
The orc wizard is heavily wounded.
The orc hits you but does no damage.
The orc wizard hits you but does no damage.
An endoplasm comes into view.
The endoplasm quivers.
You hit the orc wizard.
The orc wizard is severely wounded.
The orc hits you but does no damage.
The orc wizard casts a spell.
The orc wizard flickers and vanishes!
Deactivating autopickup; reactivate with Ctrl-A.
Ijyb zaps a wand.
The bolt of acid hits you. You resist. The acid corrodes you!
Something hits you. The orc hits you but does no damage.
The orc hits you but does no damage. Something hits you but does no damage.
There is a stone staircase leading up here.
The orc hits you but does no damage. Something hits you but does no damage.
Ijyb hits you but does no damage.
You climb upwards.
Reactivating autopickup.
There is a stone staircase leading down here.
You slash Ijyb!
Ijyb is moderately wounded.
Ijyb zaps a wand.
The bolt of acid hits you. You resist.
The bolt of acid hits something!
The acid corrodes something!
You feel a bit more experienced. The orc hits you but does no damage.
Ijyb zaps a wand.
The bolt of acid hits you. You resist. The orc hits you but does no damage.
Your Translocations skill increases to level 4!
The orc hits you with a +0 trident!
Things that are here:
a +0 dagger; a +0 robe The orc hits you but does no damage.
You closely miss Ijyb.
Ijyb is moderately wounded.
Ijyb hits you with a +0 club.
The orc hits you from afar with a +0 trident!
* * * LOW HITPOINT WARNING * * *
Ijyb zaps a wand.
The bolt of acid hits you! You resist.
You die...

........###.##.##.#.######.#.##.#
..........#.##....#.######.#.##.#
.########.#.#######.##.....#.##.#
........#.#.......#.#..#####.##.#
#......##.#######.....## #.##.#
..####.##.#....##...########.##.#
#...........##.##...#........##.#
#......##...##o###.##.#########.#
#......####...>g@..##.#########.#
#......# ###########.#..).....(#
.......# #.#.######### #......#
#.#.# .......# ###.#.# ##.....#
#...#.# #.....# #.###.# #######
#.# #.### #.# #...#


You could see Ijyb and an orc.

Vanquished Creatures
  An adder (D:3)
  3 dart slugs
  5 ball pythons
  4 bats (D:1)
  6 endoplasms
  A giant cockroach (D:3)
  6 goblins
  6 hobgoblins
  3 quokkas
  3 frilled lizards (D:1)
  7 kobolds
  2 rats
47 creatures vanquished.

Vanquished Creatures (others)
  An orc wizard (D:2)
1 creature vanquished.

Grand Total: 48 creatures vanquished

Notes
Turn   | Place    | Note
-------+----------+-------------------------------------------
     0 | D:1      | Descartes the Barachi Warper began the quest for the Orb.
     0 | D:1      | Reached XP level 1. HP: 17/17 MP: 3/3
   119 | D:1      | Reached XP level 2. HP: 20/23 MP: 5/5
   486 | D:1      | Reached XP level 3. HP: 26/28 MP: 6/6
  2012 | D:3      | Reached XP level 4. HP: 22/34 MP: 8/8
  2138 | D:3      | Noticed Ijyb
  2147 | D:2      | Reached skill level 4 in Translocations
  2149 | D:2      | Killed from afar by Ijyb

Illustrated notes

Levels and vault maps discovered:
D:1:      tarquinn_simple_flora_water_f, layout_basic, grunt_decor_clamped,
          minmay_cut_off
D:2:      layout_basic
D:3:      layout_loops_ring, nicolae_ru_awakened_eye, basic_ecumenical_altar,
          mrwooster_statue_mirror, uniq_ijyb, uniq_natasha

Skill      XL: |  1  2  3  4 |
---------------+-------------+-----
Armour         | 2 |  2.6
Long Blades    | 3 |  3.3
Translocations | 4 |  4.0
Fighting       | |  2.4
Throwing       | |  1.0
Dodging        | |  2.1
Spellcasting   | |  2.9

Action                     |  1- 3 |  4- 6 || total
---------------------------+-------+-------++-------
  Melee: Falchion          |   118 |       ||   118
         Great sword       |    24 |    13 ||    37
   Stab: Sleeping          |     1 |       ||     1
 Armour: Leather armour    |    45 |       ||    45
         Plate armour      |    18 |    21 ||    39
  Dodge: Dodged            |    87 |     6 ||    93
